 Dungeon Crawl Stone Soup version 0.26.0-57-g60708a5e39 (webtiles) character file.

Game seed: 8531381993220502050

46 H0rd4k the Insei (level 3, -8/23 HPs)
             Began as an Octopode Transmuter on Feb 1, 2021.
             Mangled by Crazy Yiuf
             ... wielding a +4 quarterstaff of chaos
              (19 damage)
             ... on level 2 of the Dungeon.
             The game lasted 00:00:56 (1932 turns).

H0rd4k the Insei (Octopode Transmuter)              Turns: 1932, Time: 00:00:56

Health: -8/23      AC:  1    Str: 10    XL:     3   Next: 66%
Magic:  6/6        EV: 13    Int: 15    God:
Gold:   75         SH:  0    Dex: 12    Spells: 5/6 levels left

rFire    . . .     SeeInvis .     - Unarmed
rCold    . . .     Faith    .   (no shield)
rNeg     . . .     Spirit   .   (helmet restricted)
rPois    .         Reflect  .   (no amulet)
rElec    .         Harm     .   (no ring)
rCorr    .         Rampage  .   (no ring)
Will     .....                  (no ring)
Stlth    +++.......             (no ring)
HPRegen  0.07/turn              (no ring)
MPRegen  0.10/turn              (no ring)
                                (no ring)
                                (no ring)

@: no status effects
A: almost no armour, stealthy swim, amphibious, 8 rings, constrict 8, camouflage
1, gelatinous body 1
a: no special abilities


You were on level 2 of the Dungeon.
You visited 1 branch of the dungeon, and saw 2 of its levels.

You collected 75 gold pieces.

Inventory:

Wands
 i - a wand of disintegration (11)
Scrolls
 a - 3 scrolls of fear {unknown}
 b - a scroll of remove curse {unknown}
 c - a scroll of blinking {unknown}
 g - a scroll of identify {unknown}
Potions
 d - a potion of magic {unknown}
 e - a potion of invisibility {unknown}
 f - a potion of lignification {unknown}
 h - 2 potions of flight {unknown}


   Skills:
 + Level 1.0 Fighting
 + Level 2.5 Dodging
 + Level 1.2 Stealth
 + Level 3.8 Unarmed Combat
 + Level 2.2 Spellcasting
 + Level 2.0 Transmutations


You had 5 spell levels left.
You knew the following spells:

 Your Spells              Type           Power        Failure   Level
a - Beastly Appendage     Tmut           14%          10%         1

Your spell library contained the following spells:

 Spells                   Type           Power        Failure   Level
 Wereblood                Tmut           7%           14%         2
 Spider Form              Tmut/Pois      2%           38%         3
 Ice Form                 Ice/Tmut       4%           80%         4
 Blade Hands              Tmut           3%           95%         5


Dungeon Overview and Level Annotations

Branches:
Dungeon (2/15)

Altars:

Annotations:
D:2 Crazy Yiuf


Innate Abilities, Weirdness & Mutations

You cannot wear most types of armour.
You are very stealthy in the water. (Stealth+)
You are amphibious.
You can wear up to eight rings at the same time.
You can use your tentacles to constrict eight enemies at once.
Your skin changes colour to match your surroundings (Stealth+).
Your rubbery body absorbs attacks. (AC +1, EV +1)


Message History

Could not explore, unopened runed door.
No reachable target in view!
Could not explore, unopened runed door.
No reachable target in view!
Could not explore, unopened runed door.
No reachable target in view!
You open the door.
Crazy Yiuf screams, "Goldfish ena snail!"
You tentacle-slap Crazy Yiuf. Your grab misses Crazy Yiuf.
Crazy Yiuf is lightly wounded.
Crazy Yiuf barely misses you.
You tentacle-slap Crazy Yiuf but do no damage.
You grab Crazy Yiuf. You squeeze Crazy Yiuf!
Crazy Yiuf is heavily wounded.
You constrict Crazy Yiuf.
Crazy Yiuf hits you with a +4 quarterstaff of chaos!
Ouch! That really hurt!
You are electrocuted!!
Ouch! That really hurt!
You die...

#.# #.##.###.## ..#
####.....# ..# #######
..##### ......#
......# ......####♣♣
### ..##+##.#..♣♣
♣♣#..)#
..##.#......♣♣♣♣@g...#
.....#.......♣..♣#...#
)......##...♣.♣♣♣ ###
....##.###♣♣♣♣♣
........# .....#.###
.....#...# <....#.#.#
.....###.#


You could see Crazy Yiuf.

Vanquished Creatures
  2 adders (D:2)
  A worm (D:2)
  A leopard gecko (D:2)
  3 bats
  2 giant cockroaches
  2 goblins (D:2)
  4 hobgoblins
  A ball python (D:2)
  2 frilled lizards
  4 kobolds (D:2)
  5 rats
27 creatures vanquished.

Notes
Turn   | Place    | Note
-------+----------+-------------------------------------------
     0 | D:1      | H0rd4k the Octopode Transmuter began the quest for the Orb.
     0 | D:1      | Reached XP level 1. HP: 13/13 MP: 3/3
     2 | D:1      | Noticed a ghoul
     2 | D:1      | Noticed a demigod
     4 | D:1      | Noticed an ogre
     6 | D:1      | Noticed a felid
     6 | D:1      | Noticed a draconian
     8 | D:1      | Noticed a vampire
     8 | D:1      | Noticed a spriggan
    10 | D:1      | Noticed a demonspawn
    10 | D:1      | Noticed a gargoyle
    12 | D:1      | Noticed a vine stalker
    12 | D:1      | Noticed an elf
    14 | D:1      | Noticed a human
    14 | D:1      | Noticed a troll
    16 | D:1      | Noticed a halfling
    18 | D:1      | Noticed a centaur
    18 | D:1      | Noticed an octopode
    20 | D:1      | Noticed a tengu
    22 | D:1      | Noticed a formicid
    22 | D:1      | Noticed a merfolk
    24 | D:1      | Noticed a minotaur
    26 | D:1      | Noticed a dwarf
    26 | D:1      | Noticed a naga
   664 | D:1      | Reached XP level 2. HP: 9/18 MP: 5/5
  1031 | D:2      | Reached skill level 1 in Stealth
  1031 | D:2      | Reached XP level 3. HP: 11/23 MP: 6/6
  1696 | D:2      | Found a runed translucent door.
  1697 | D:2      | Noticed Crazy Yiuf
  1932 | D:2      | Mangled by Crazy Yiuf

Illustrated notes

Levels and vault maps discovered:
D:1:      kb_arrival_jail, layout_loops_corners
D:2:      layout_basic, st_stairs_1, serial_bayou_pond_e,
          uniq_crazy_yiuf_cottage

Skill      XL: |  1  2 |
---------------+-------+-----
Stealth        | 1 |  1.2
Fighting       | |  1.0
Dodging        | |  2.5
Unarmed Combat | |  3.8
Spellcasting   | |  2.2
Transmutations | |  2.0

Action                   || total
-------------------------++-------
Melee: Unarmed           ||    62
       Constrict         ||    16
       Tentacles         ||     8
       Punch             ||     1
 Stab: Sleeping          ||     8
Armor: Skin              ||     5
Dodge: Dodged            ||    34
